 Dungeon Crawl Stone Soup version 0.31-a0-1308-ga3cce3a448 (console) character file.

Game seed: 15016798778138035559

55157 jejorda2 the Cleaver (level 14, 0/169 HPs)
             Began as a Gnoll Berserker on Dec 19, 2023.
             Was a High Priest of Trog.
             Succumbed to a black mamba's poison
             ... on level 5 of the Lair of Beasts.
             The game lasted 00:39:59 (17711 turns).

jejorda2 the Cleaver (Gnoll Berserker)             Turns: 17711, Time: 00:39:59

Health: 0/169      AC: 26    Str: 31    XL:     14   Next: 76%
Magic:  27/27      EV: 13    Int: 10    God:    Trog [*****.]
Gold:   664        SH:  0    Dex: 15    Spells: 32/32 levels left

rFire   . . .        b - +10 morningstar {freeze, Str+4}
rCold   . . .        (no shield)
rNeg    . . .        k - +0 plate armour
rPois   +            G - +1 helmet "Keux" {rPois Int+3 Dex+3 SInv Stlth-}
rElec   .            r - +2 cloak
rCorr   .            (no gloves)
SInv    +            d - +0 pair of boots
Will    +....        B - amulet of faith Stlth
                     I - +4 ring of protection
HPRegen 0.48/turn    e - +6 ring of strength
MPRegen 0.20/turn

%: faith
@: berserking, lethally poisoned (0 -> -9), very quick
A: fangs 1, strong nose, distributed training
a: Renounce Religion, Berserk, Trog's Hand, Brothers in Arms


You were on level 5 of the Lair of Beasts.
You worshipped Trog.
Trog was extremely pleased with you.
You visited 2 branches of the dungeon, and saw 15 of its levels.
You also visited: Sewer.

You collected 1149 gold pieces.
You spent 485 gold pieces at shops.

Inventory:

Hand Weapons
 a - a +0 battleaxe of electrocution
 b - the +10 morningstar of Iregiuwn (weapon) {freeze, Str+4}
   (You found it on level 1 of the Lair of Beasts)

   Str+4:     It affects your strength (+4).
 o - the +7 dagger "Sole" {drain, *Slow +Blink rPois Dex+6}
   (You found it on level 2 of the Dungeon)

   Dex+6:     It affects your dexterity (+6).
   rPois:     It protects you from poison +Blink: It lets you blink.
   *Slow:     It may slow you when you take damage.
Missiles
 l - 3 curare-tipped darts
 p - 3 boomerangs (quivered)
 s - 25 poisoned darts
 t - 2 throwing nets
 D - 5 javelins
Armour
 d - a +0 pair of boots (worn)
 k - a +0 plate armour (worn)
 r - a +2 cloak (worn)
 G - the +1 helmet "Keux" (worn) {rPois Int+3 Dex+3 SInv Stlth-}
   (You bought it in a shop on level 5 of the Dungeon)

   Int+3:     It affects your intelligence (+3).
   Dex+3:     It affects your dexterity (+3).
   rPois:     It protects you from poison SInv: It lets you see invisible.
   Stlth-:    It makes you less stealthy.
Jewellery
 e - a +6 ring of strength (right hand)
 w - a ring of resist corrosion
 x - a ring of flight
 B - an amulet of faith (around neck)
 I - a +4 ring of protection (left hand)
Wands
 j - a wand of roots (9)
 v - a wand of light (14)
 z - a wand of flame (32)
 L - a wand of paralysis (16)
 M - a wand of mindburst (9)
Scrolls
 g - a scroll of teleportation
 q - 6 scrolls of fear
 y - a scroll of brand weapon
 A - a scroll of summoning
 E - 5 scrolls of revelation
 H - 3 scrolls of fog
 K - 5 scrolls of identify
Potions
 c - 2 potions of might
 f - 2 potions of lignification
 h - 5 potions of curing
 i - a potion of cancellation
 m - 6 potions of heal wounds
 n - 2 potions of enlightenment
 u - a potion of haste
 C - 2 potions of ambrosia
 F - a potion of invisibility
 J - a potion of resistance


   Skills:
 + Level 11.6 Fighting
 + Level 9.7 Short Blades
 + Level 9.7 Long Blades
 + Level 11.6 Axes
 + Level 9.7 Maces & Flails
 + Level 9.7 Polearms
 + Level 9.7 Staves
 + Level 9.7 Ranged Weapons
 + Level 9.7 Throwing
 + Level 10.7 Armour
 + Level 10.7 Dodging
 + Level 9.7 Stealth
 + Level 9.7 Shields
 + Level 9.7 Unarmed Combat
 + Level 9.7 Spellcasting
 + Level 8.1 Conjurations
 + Level 8.1 Hexes
 + Level 8.1 Summonings
 + Level 8.1 Necromancy
 + Level 8.1 Translocations
 + Level 8.1 Transmutations
 + Level 8.1 Fire Magic
 + Level 8.1 Ice Magic
 + Level 8.1 Air Magic
 + Level 8.1 Earth Magic
 + Level 8.1 Poison Magic
 + Level 10.5 Invocations
 + Level 9.7 Evocations
 + Level 8.8 Shapeshifting


You had 32 spell levels left.
You didn't know any spells.
Your spell library was empty.

Dungeon Overview and Level Annotations

Branches:
Dungeon (10/15)            Temple (0/1) D:7            Lair (5/5) D:9
 Shoals (0/4) Lair:3        Snake (0/4) Lair:2        Slime (0/5) Lair:4
    Orc (0/2) D:10          Sewer (visited)

Altars:
Ashenzari
Cheibriados
Hepliaklqana
Nemelex Xobeh
Okawaru
Ru
Sif Muna
Uskayaw
Xom
Jiyva

Shops:
D:1 !   D:4 **   D:5 *   D:10 *

Annotations:
D:5 3 runed translucent doors, exclusion: 3 doors, IdlyInterested's ghost, novice DsFi


Innate Abilities, Weirdness & Mutations

You have very sharp teeth.
Your uncanny sense of smell can sniff out nearby items.
Your experience applies equally to all skills.


Message History

You feel very sick. The lindwurm bites you.
* * * LOW HITPOINT WARNING * * *
The lindwurm claws you.
* * * LOW HITPOINT WARNING * * *
The lindwurm claws you.
* * * LOW HITPOINT WARNING * * *
The black mamba bites you but does no damage.
Unknown command.
You closely miss the black mamba. Your bite misses the black mamba.
The black mamba is almost dead.
You barely miss the lindwurm.
You feel very sick. The black mamba barely misses you.
The lindwurm breathes flames at you. The blast of flame hits you!
* * * LOW HITPOINT WARNING * * *
Unknown command.
You slash the black mamba!
You kill the black mamba!
Trog accepts your kill.
You hit the lindwurm but do no damage. Lightning courses through the lindwurm!
* * * LOW HITPOINT WARNING * * *
You feel very sick.
Unknown command.
Your +0 battleaxe of electrocution stops crackling.
You feel stronger.
The +10 morningstar of Iregiuwn {freeze, Str+4} glows with a cold blue light!
b - the +10 morningstar of Iregiuwn (weapon)
{freeze, Str+4}
* * * LOW HITPOINT WARNING * * *
You feel sick. The lindwurm closely misses you. The lindwurm barely misses you.
The lindwurm misses you.
You bludgeon the lindwurm!! You freeze the lindwurm.
You feel the power of Trog in you as your rage grows.
You kill the lindwurm!
Trog accepts your kill.
* * * LOW HITPOINT WARNING * * *
You feel sick.
Unknown command.
You die...

####.P.##### ###...#####
####.......P..# ##.## #
##............## #.# ####
#.....#####....## ∆ #####...
#.........#.....# ∆∆∆ #.#...
#..†#.#...#.....# ∆ ##....
###...........###### #.....
.#...###(###...#...# ##....
.#.....###...#.#@..# #.....
........##......†..# ##.....
.#.....####....#†### #......
.....### #.#...... ##......
..P..# ##..P.....P ###.......
.##### #####...#####......... ###
######## #..........
#.############..##(.###..........
...##.#..##......................


There were no monsters in sight!

Vanquished Creatures
  Nessos (Lair:5)
  5 hydras
  A two-headed ogre (D:8)
  2 catoblepae
  A hell hog (Lair:5)
  2 death yaks
  Urug (Lair:5)
  Nergalle (Lair:3)
  Sonja (Lair:2)
  A skyshark (Lair:3)
  Pikel (D:4)
  A lindwurm (Lair:5)
  Maurice (D:9)
  6 elephants (Lair:5)
  7 black mambas
  A merfolk siren (Lair:3)
  3 torpor snails
  17 cane toads
  Maggie (D:6)
  2 rime drakes
  5 komodo dragons
  An unseen horror (D:9)
  11 polar bears (Lair:5)
  A troll (D:10)
  3 hornets
  4 raiju (Lair:5)
  8 dream sheep
  30 blink frogs
  A vampire (D:5)
  47 yaks
  A wraith (D:9)
  A shadow (D:10)
  Grum (D:8)
  5 wargs
  3 wyverns
  5 basilisks
  A steam dragon (D:8)
  Menkaure (D:6)
  9 water moccasins
  Duvessa (D:4)
  13 hell hounds (Lair:5)
  12 black bears
  A sky beast (D:7)
  An ice beast (D:5)
  4 orc warriors
  4 boggarts (Lair:5)
  5 centaurs
  An ogre (D:5)
  22 wolves
  The ghost of bungle the Magician, an amateur DjCj (D:3)
  3 kobold brigands
  15 bullfrogs
  2 gnoll sergeants
  2 scorpions (D:5)
  8 wights
  Dowan (D:4)
  15 killer bees
  2 electric eels (D:8)
  2 howler monkeys (D:9)
  A vampire bat (Lair:1)
  A gnoll bouda (D:5)
  5 hounds
  7 jellies
  4 orc priests
  Crazy Yiuf (D:3)
  4 iguanas
  A sleepcap (D:6)
  Ijyb (D:5)
  7 hell rats (Lair:4)
  15 orc wizards
  Robin (D:2)
  14 gnolls
  10 adders
  6 river rats
  2 shadow imps
  A worm (D:4)
  A dart slug (D:1)
  45 orcs
  10 ball pythons
  12 endoplasms
  9 giant cockroaches
  19 goblins
  9 hobgoblins
  3 jackals (Sewer)
  24 kobolds
  6 quokkas
  10 bats
  2 frilled lizards
  12 rats
552 creatures vanquished.

Vanquished Creatures (collateral kills)
  A cane toad (Lair:5)
  2 yaks (D:9)
  A wolf (D:9)
4 creatures vanquished.

Grand Total: 556 creatures vanquished

Notes
Turn   | Place    | Note
-------+----------+-------------------------------------------
     0 | D:1      | jejorda2 the Gnoll Berserker began the quest for the Orb.
     0 | D:1      | Reached XP level 1. HP: 23/23 MP: 1/1
   100 | D:1      | Reached XP level 2. HP: 29/29 MP: 2/2
   302 | D:1      | Found Cinul Siwk's Distillery.
   396 | D:1      | Reached XP level 3. HP: 33/35 MP: 3/3
   864 | D:2      | Reached ** piety under Trog
   905 | D:1      | Bought a potion of curing for 33 gold pieces
   980 | D:2      | Reached skill level 1 in Invocations
   995 | D:2      | Noticed Robin
  1003 | D:2      | Killed Robin
  1004 | D:2      | Reached skill level 1 in Short Blades
  1004 | D:2      | Reached skill level 1 in Long Blades
  1004 | D:2      | Reached skill level 1 in Maces & Flails
  1004 | D:2      | Reached skill level 1 in Polearms
  1004 | D:2      | Reached skill level 1 in Staves
  1004 | D:2      | Reached skill level 1 in Ranged Weapons
  1004 | D:2      | Reached skill level 1 in Throwing
  1004 | D:2      | Reached skill level 1 in Stealth
  1004 | D:2      | Reached skill level 1 in Shields
  1004 | D:2      | Reached skill level 1 in Unarmed Combat
  1004 | D:2      | Reached skill level 1 in Spellcasting
  1004 | D:2      | Reached skill level 1 in Evocations
  1006 | D:2      | Reached XP level 4. HP: 41/41 MP: 5/5
  1008 | D:2      | Reached skill level 1 in Shapeshifting
  1053 | D:2      | Identified the +7 dagger "Sole" {drain, *Slow +Blink rPois
                  | Dex+6}
  1518 | D:1      | Bought a potion of heal wounds for 55 gold pieces
  1591 | D:3      | Reached skill level 1 in Conjurations
  1591 | D:3      | Reached skill level 1 in Hexes
  1591 | D:3      | Reached skill level 1 in Summonings
  1591 | D:3      | Reached skill level 1 in Necromancy
  1591 | D:3      | Reached skill level 1 in Translocations
  1591 | D:3      | Reached skill level 1 in Transmutations
  1591 | D:3      | Reached skill level 1 in Fire Magic
  1591 | D:3      | Reached skill level 1 in Ice Magic
  1591 | D:3      | Reached skill level 1 in Air Magic
  1591 | D:3      | Reached skill level 1 in Earth Magic
  1591 | D:3      | Reached skill level 1 in Poison Magic
  1599 | D:3      | Reached XP level 5. HP: 35/47 MP: 5/7
  2170 | D:3      | Found a runed translucent door.
  2171 | D:3      | Noticed Crazy Yiuf
  2176 | D:3      | Killed Crazy Yiuf
  2177 | D:3      | Reached XP level 6. HP: 52/53 MP: 8/8
  2226 | D:3      | Found a runed translucent door.
  2231 | D:3      | Noticed bungle's ghost (amateur DjCj)
  2245 | D:3      | Killed bungle's ghost
  2246 | D:3      | Reached skill level 5 in Armour
  2246 | D:3      | Reached skill level 5 in Dodging
  2545 | D:4      | Identified a scroll of acquirement
  2545 | D:4      | Acquired the +2 hood of the Assassin {Detect Stab+ Stlth++}
  2545 | D:4      | Found the +2 hood of the Assassin {Detect Stab+ Stlth++}
  2563 | D:4      | Noticed Dowan
  2569 | D:4      | Reached *** piety under Trog
  2572 | D:4      | Killed Dowan
  2574 | D:4      | Noticed Pikel
  2598 | D:4      | Killed Pikel
  2599 | D:4      | Reached XP level 7. HP: 58/60 MP: 9/11
  2609 | D:4      | Reached XP level 8. HP: 67/67 MP: 10/12
  2624 | D:4      | Found a glowing drain.
  2633 | Sewer    | Entered a sewer
  2767 | Sewer    | Found a white marble altar of Elyvilon.
  2907 | D:4      | Found Fuhoof's General Store.
  2909 | D:4      | Found Utelilar's Specific Store.
  2933 | D:4      | Found an iron altar of Okawaru.
  3316 | D:4      | Noticed Duvessa
  3329 | D:4      | Killed Duvessa
  3700 | D:5      | Entered Level 5 of the Dungeon
  3785 | D:5      | Found Dyrry Eregif's General Store.
  3789 | D:5      | Noticed IdlyInterested's ghost (novice DsFi)
  3789 | D:5      | Noticed a vampire
  3818 | D:5      | Found a runed translucent gate.
  3818 | D:5      | Found a runed translucent gate.
  3819 | D:5      | Found a runed translucent gate.
  3850 | D:5      | Noticed Ijyb
  3860 | D:5      | Killed Ijyb
  3974 | D:5      | You fall into a shaft and drop 2 floors!
  4004 | D:7      | Found a hazy altar of Hepliaklqana.
  4032 | D:7      | Noticed a hornet
  4044 | D:7      | Killed a hornet
  4045 | D:7      | Reached XP level 9. HP: 73/73 MP: 13/15
  4176 | D:7      | Reached **** piety under Trog
  4306 | D:7      | Found a staircase to the Ecumenical Temple.
  4753 | D:7      | Noticed a hornet
  4762 | D:7      | Killed a hornet
  4763 | D:7      | Reached skill level 5 in Invocations
  5056 | D:6      | Found a broken altar of Ashenzari.
  5057 | D:6      | Found a sparkling altar of Nemelex Xobeh.
  5057 | D:6      | Found a shimmering blue altar of Sif Muna.
  5255 | D:5      | Reached XP level 10. HP: 80/80 MP: 17/17
  5497 | D:5      | Reached skill level 5 in Short Blades
  5497 | D:5      | Reached skill level 5 in Long Blades
  5497 | D:5      | Reached skill level 5 in Maces & Flails
  5497 | D:5      | Reached skill level 5 in Polearms
  5497 | D:5      | Reached skill level 5 in Staves
  5497 | D:5      | Reached skill level 5 in Ranged Weapons
  5497 | D:5      | Reached skill level 5 in Throwing
  5497 | D:5      | Reached skill level 5 in Stealth
  5497 | D:5      | Reached skill level 5 in Shields
  5497 | D:5      | Reached skill level 5 in Unarmed Combat
  5497 | D:5      | Reached skill level 5 in Spellcasting
  5497 | D:5      | Reached skill level 5 in Evocations
  5816 | D:6      | Noticed Maggie
  5825 | D:6      | Killed Maggie
  6188 | D:6      | Identified the +5 dagger of Foul Odours {venom, rElec rF-
                  | rN+ SInv}
  6357 | D:6      | Noticed Menkaure
  6362 | D:6      | Killed Menkaure
  6566 | D:8      | Noticed a two-headed ogre
  6578 | D:8      | Killed a two-headed ogre
  6579 | D:8      | Reached skill level 5 in Shapeshifting
  6706 | D:8      | Reached ***** piety under Trog
  6739 | D:8      | Noticed Grum
  6747 | D:8      | Killed Grum
  7103 | D:8      | Reached XP level 11. HP: 68/87 MP: 19/19
  7559 | D:5      | Bought the +1 helmet "Keux" {rPois Int+3 Dex+3 SInv Stlth-}
                  | for 397 gold pieces
  7661 | D:9      | Reached skill level 5 in Conjurations
  7661 | D:9      | Reached skill level 5 in Hexes
  7661 | D:9      | Reached skill level 5 in Summonings
  7661 | D:9      | Reached skill level 5 in Necromancy
  7661 | D:9      | Reached skill level 5 in Translocations
  7661 | D:9      | Reached skill level 5 in Transmutations
  7661 | D:9      | Reached skill level 5 in Fire Magic
  7661 | D:9      | Reached skill level 5 in Ice Magic
  7661 | D:9      | Reached skill level 5 in Air Magic
  7661 | D:9      | Reached skill level 5 in Earth Magic
  7661 | D:9      | Reached skill level 5 in Poison Magic
  7725 | D:9      | Found a staircase to the Lair.
  8029 | D:9      | Noticed Maurice
  8038 | D:9      | Maurice stole a +2 hand axe of flaming
  8042 | D:9      | Killed Maurice
  8552 | D:9      | Found a hide-covered altar of Uskayaw.
  8561 | D:9      | Found a sacrificial altar of Ru.
  8789 | D:10     | Entered Level 10 of the Dungeon
  8978 | D:10     | Found a staircase to the Orcish Mines.
  9342 | D:10     | Found Ydue's Assorted Antiques.
  9658 | Lair:1   | Entered Level 1 of the Lair of Beasts
  9661 | Lair:1   | Found a shimmering altar of Xom.
  9869 | Lair:1   | Reached XP level 12. HP: 96/96 MP: 22/22
 10257 | Lair:1   | Identified the +10 morningstar of Iregiuwn {freeze, Str+4}
 10290 | Lair:1   | Found a snail-covered altar of Cheibriados.
 10620 | Lair:1   | Noticed a catoblepas
 10632 | Lair:1   | Killed a catoblepas
 11174 | Lair:2   | Reached skill level 10 in Fighting
 11174 | Lair:2   | Reached skill level 10 in Axes
 11544 | Lair:2   | Noticed Sonja
 11557 | Lair:2   | Killed Sonja
 12026 | Lair:2   | Received a gift from Trog
 12210 | Lair:2   | Found a staircase to the Snake Pit.
 12292 | Lair:3   | Reached XP level 13. HP: 71/104 MP: 23/25
 12669 | Lair:3   | Noticed Nergalle
 12678 | Lair:3   | Killed Nergalle
 12723 | Lair:3   | Found a staircase to the Shoals.
 13370 | Lair:4   | Found a runed translucent door.
 13615 | Lair:4   | Found a viscous altar of Jiyva.
 13615 | Lair:4   | Found a staircase to the Slime Pits.
 14742 | Lair:5   | Entered Level 5 of the Lair of Beasts
 15027 | Lair:5   | Reached skill level 10 in Armour
 15027 | Lair:5   | Reached skill level 10 in Dodging
 15039 | Lair:5   | Received a gift from Trog
 15551 | Lair:5   | Reached XP level 14. HP: 113/113 MP: 25/27
 15737 | Lair:5   | Noticed Urug
 15747 | Lair:5   | Killed Urug
 15899 | Lair:5   | Reached skill level 10 in Invocations
 16084 | Lair:5   | Received a gift from Trog
 17144 | Lair:5   | Noticed Nessos
 17156 | Lair:5   | Killed Nessos
 17707 | Lair:5   | HP: 7/169 [lindwurm/blast of flame (12)]
 17709 | Lair:5   | HP: 3/169 [poisoned by a black mamba]
 17711 | Lair:5   | Succumbed to a black mamba's poison

Illustrated notes

Levels and vault maps discovered:
D:1:      ebering_trefoil_3fold, layout_basic, serial_shops,
          nicolae_shop_statue_plus
D:2:      layout_basic, uniq_robin
D:3:      layout_loops_ring, ebering_ghost_reflecting_pool, serial_glass,
          glass_columns_b, glass_columns_a, glass_columns_b, glass_columns_c,
          nicolae_titane, uniq_crazy_yiuf_cottage
D:4:      layout_rooms, portal_sewer_entry_b, nicolae_specific_store,
          amcnicky_mini_corridor_feature, chequers_jeans, minmay_ruined_shrine,
          uniq_pikel, uniq_duvessa
D:5:      minmay_diamond_boxcup, layout_gridville, serial_shops, shop,
          gammafunk_ghost_split, uniq_ijyb
D:6:      nicolae_whirlpool, layout_cave_pools,
          chequers_temple_overflow_statue_of_worship, kennysheep_minor_cross,
          uniq_maggie, uniq_menkaure
D:7:      layout_loops_ring, nzn_hepliaklqana_mist_gate,
          minmay_temple_entry_large_hall, reono_crystal_passage
D:8:      layout_rooms, serial_bayou_lagoon_a, uniq_grum
D:9:      layout_irregular_city, mainiacjoe_overflow_swirl,
          erik_lair_orcish_takeover, st_stairs_3, uniq_maurice
D:10:     layout_cave_pools, david_orc_2, serial_shops, shop, patterned_corridor
Lair:1:   layout_regular_city, basic_altar, roderic_batcave,
          columned_hall_lemuel, kennysheep_snail_temple
Lair:2:   layout_hall_layers, dummy_snake_entry, uniq_sonja
Lair:3:   layout_regular_city, minmay_shoals_entry_lonely_mermaid,
          serial_bayou_shore_a, uniq_nergalle
Lair:4:   layout_regular_city, nicolae_slime_entry_slimehenge,
          serial_bayou_pond_a, pf_torpor_hydra
Lair:5:   hangedman_lair_caniforms_friends, layout_regular_city,
          hangedman_lair_in_review, kilobyte_rumbling_trees, uniq_nessos,
          uniq_urug

Skill      XL: |  1  2  3  4  5  6  7  8  9 10 11 12 13 14 |
---------------+-------------------------------------------+-----
Invocations    | 1 2 3 4 5 6 7 8 9 10 | 10.5
Short Blades   | 1 2 4 5 6 8 9 |  9.7
Long Blades    | 1 2 4 5 6 8 9 |  9.7
Maces & Flails | 1 2 4 5 6 8 9 |  9.7
Polearms       | 1 2 4 5 6 8 9 |  9.7
Staves         | 1 2 4 5 6 8 9 |  9.7
Ranged Weapons | 1 2 4 5 6 8 9 |  9.7
Throwing       | 1 2 4 5 6 8 9 |  9.7
Stealth        | 1 2 4 5 6 8 9 |  9.7
Shields        | 1 2 4 5 6 8 9 |  9.7
Unarmed Combat | 1 2 4 5 6 8 9 |  9.7
Spellcasting   | 1 2 4 5 6 8 9 |  9.7
Evocations     | 1 2 4 5 6 8 9 |  9.7
Shapeshifting  | 1 2 3 4 5 6 7 8 |  8.8
Conjurations   | 1 2 3 4 5 6 7 8 |  8.1
Hexes          | 1 2 3 4 5 6 7 8 |  8.1
Summonings     | 1 2 3 4 5 6 7 8 |  8.1
Necromancy     | 1 2 3 4 5 6 7 8 |  8.1
Translocations | 1 2 3 4 5 6 7 8 |  8.1
Transmutations | 1 2 3 4 5 6 7 8 |  8.1
Fire Magic     | 1 2 3 4 5 6 7 8 |  8.1
Ice Magic      | 1 2 3 4 5 6 7 8 |  8.1
Air Magic      | 1 2 3 4 5 6 7 8 |  8.1
Earth Magic    | 1 2 3 4 5 6 7 8 |  8.1
Poison Magic   | 1 2 3 4 5 6 7 8 |  8.1
Armour         | 5 6 7 8 9 10 | 10.7
Dodging        | 5 6 7 8 9 10 | 10.7
Fighting       | 7 8 9 10 11 | 11.6
Axes           | 7 8 9 10 11 | 11.6

Action                     |  1- 3 |  4- 6 |  7- 9 | 10-12 | 13-15 || total
---------------------------+-------+-------+-------+-------+-------++-------
  Melee: Hand axe          |    40 |       |       |       |       ||    40
         Bite              |     4 |    13 |    29 |    73 |    69 ||   188
         Battleaxe         |    31 |   157 |   296 |   439 |    92 ||  1015
         Punch             |     1 |       |       |     5 |    34 ||    40
         Morningstar       |       |       |       |    90 |   438 ||   528
  Throw: Dart              |       |       |     1 |       |       ||     1
         Boomerang         |       |       |       |    10 |     2 ||    12
 Invoke: Berserk           |     1 |     3 |     7 |    12 |    11 ||    34
         Trog's Hand       |       |     2 |     3 |     6 |     6 ||    17
         Brothers in Arms  |       |       |       |     1 |     1 ||     2
  Evoke: Wand              |       |       |     2 |     7 |     3 ||    12
    Use: Scroll            |     1 |     5 |     7 |    11 |     1 ||    25
         Potion            |       |       |     1 |       |     2 ||     3
   Stab: Sleeping          |       |       |     3 |     5 |       ||     8
         Invisible         |       |       |       |       |     2 ||     2
 Armour: Animal skin       |     5 |       |       |       |       ||     5
         Chain mail        |    40 |   139 |   327 |   291 |       ||   797
         Plate armour      |       |       |       |   245 |   591 ||   836
  Dodge: Dodged            |    26 |   100 |   174 |   370 |   422 ||  1092

Table legend: (Time is in decaauts)
 A = Elapsed time spent in this place.
 B = Non-inter-level travel time spent in this place.
 C = Inter-level travel time spent in this place.
 D = Time resting spent in this place.
 E = Time spent auto-exploring this place.
 F = Levels seen in this place.
 G = Mean time per level.
                   A        B        C        D        E       F      G
               +--------+--------+--------+--------+--------+-----+--------+
         Total |  18352 |  17538 |    814 |   1518 |  12314 |  16 | 1147.0 |
       Dungeon |   9896 |   9397 |    499 |    430 |   6829 |  10 |  989.6 |
          Lair |   8244 |   7929 |    315 |   1087 |   5346 |   5 | 1648.8 |
         Sewer |    211 |    211 |      0 |      0 |    139 |   1 |  211.0 |
               +--------+--------+--------+--------+--------+-----+--------+

Top non-repeatable levels by time:
  Lair:5: 2550 daAuts
  Lair:4: 1874 daAuts
  Lair:1: 1521 daAuts
     D:9: 1244 daAuts
  Lair:2: 1207 daAuts
     D:7: 1176 daAuts
     D:5: 1097 daAuts
  Lair:3: 1090 daAuts
     D:8: 1084 daAuts
     D:3: 1058 daAuts
     D:4: 1035 daAuts
    D:10: 874 daAuts
     D:2: 854 daAuts
     D:6: 760 daAuts
     D:1: 712 daAuts
